 Dungeon Crawl Stone Soup version 0.14-a0-1773-ge500af7 (webtiles) character file.

251 ReteAZ the Cudgeler (level 5, -3/75 HPs)
             Began as an Ogre Hunter on Jan 6, 2014.
             Slain by an orc
             ... wielding a -1,+0 orcish trident
              (5 damage)
             ... on Level 3 of the Dungeon.
             The game lasted 00:10:00 (2414 turns).

ReteAZ the Cudgeler (Ogre Hunter)                   Turns: 2414, Time: 00:10:00

HP  -3/75        AC  3     Str 23      XL: 5   Next: 21%
MP   5/5         EV 10     Int 10      God:
Gold 113         SH  0     Dex 10      Spells:  0 memorised,  4 levels left

rFire  . . .     SeeInvis .     j - +0 mace
rCold  . . .     Clarity  .     d - +0 animal skin
rNeg   . . .     Conserve .     (shield restricted)
rPois  .         rCorr    .     (helmet restricted)
rElec  .         rRot     .     (no cloak)
SustAb . .       Spirit   .     (gloves unavailable)
rMut   .         Warding  .     (boots unavailable)
Saprov + . .     Stasis   .     (no amulet)
                                (no ring)
                                (no ring)

@: berserking, very quick, slightly resistant to hostile enchantments, extremely
unstealthy
A: unfitting armour, fast metabolism 1, saprovore 1, tough skin 1
a: no special abilities


You were on level 3 of the Dungeon.
You were not hungry.

You visited 1 branch of the dungeon, and saw 3 of its levels.

You collected 113 gold pieces.

Inventory:

Hand weapons
 a - a +1,+1 club
 j - a +0,+0 mace (weapon)
Missiles
 b - 3 large rocks (quivered)
 c - 2 throwing nets
Armour
 d - a +0 animal skin (worn)
Magical devices
 t - a wand of enslavement (9) {unknown}
Comestibles
 f - 2 meat rations
 i - 2 bread rations
 o - an apple
 w - 2 pears
 E - 2 chunks of jackal flesh
Scrolls
 e - a scroll of magic mapping {unknown}
 g - 4 scrolls of remove curse {unknown}
 h - 3 scrolls of enchant weapon I {unknown}
 l - a scroll of noise {unknown}
 s - a scroll of curse armour {unknown}
 v - a scroll of random uselessness {unknown}
 x - 2 scrolls of identify {unknown}
 y - a scroll of enchant armour {unknown}
 z - a scroll of enchant weapon II {unknown}
Jewellery
 A - an uncursed amulet of stasis {unknown}
Potions
 k - a potion of restore abilities {unknown}
 m - a potion of curing {unknown}
 p - a potion of invisibility
 q - a potion of paralysis
 r - a potion of heal wounds {unknown}
 D - a potion of agility {unknown}
Books
 n - a book of Annihilations {highlevel}

   This book is beyond your current level of understanding.

   Spells                             Type                      Level
   Poison Arrow                       Conjuration/Poison           6
   Chain Lightning                    Conjuration/Air              8
   Lehudib's Crystal Spear            Conjuration/Earth            8
   Ice Storm                          Conjuration/Ice              9
   Fire Storm                         Conjuration/Fire             9


   Skills:
 - Level 2.6 Fighting
 + Level 5.5 Maces & Flails
 - Level 5.2 Throwing
 - Level 1.7 Dodging
 - Level 0.7 Stealth


You had 4 spell levels left.
You didn't know any spells.

Dungeon Overview and Level Annotations

Branches:
Dungeon (3/16)

Altars:
Xom


Innate Abilities, Weirdness & Mutations

You are too large for most types of armour.
You have a fast metabolism.
You can tolerate rotten meat.
You have tough skin (AC +1).


Message History

The orc hits you with an orcish morningstar!
* * * LOW HITPOINT WARNING * * *
Deactivating autopickup; reactivate with Ctrl-A.
You miss it. It hits you.
* * * LOW HITPOINT WARNING * * *
The orc hits you from afar with an orcish trident.
* * * LOW HITPOINT WARNING * * *
The orc closely misses you.
Drink which item? (? for menu, Esc to quit)
A red film seems to cover your vision as you go berserk!
You feel yourself moving faster!
You feel mighty!
It was a potion of berserk rage.
It hits you.
* * * LOW HITPOINT WARNING * * *
The orc closely misses you.
You thump it! The orc misses you.
You hear some strange, mumbled words.
The puff of flame misses you.
You barely miss it.
The orc hits you from afar with an orcish trident.
You die...

#.............#
#.....(.......#
#.............#
#.............#
#.............#
#.............#
#.............#
######(########
#@#
+.$.....o.......
####...o.......
#...........
#...........
#..........
#.##.##### #.
#.# #.#


You could see 2 orcs.

Vanquished Creatures
  Ijyb (D:2)
  2 adders (D:2)
  3 gnolls (D:3)
  5 orcs (D:3)
  A bat skeleton (D:3)
  3 giant cockroaches
  7 goblins
  5 hobgoblins
  5 jackals (D:3)
  A quokka (D:2)
  3 ball pythons
  3 bats
  A giant newt (D:3)
  5 kobolds
  6 rats
51 creatures vanquished.

Vanquished Creatures (others)
  An orc wizard (D:3)
1 creature vanquished.

Grand Total: 52 creatures vanquished

Notes
Turn   | Place    | Note
--------------------------------------------------------------
     0 | D:1      | ReteAZ, the Ogre Hunter, began the quest for the Orb.
     0 | D:1      | Reached XP level 1. HP: 22/22 MP: 1/1
    49 | D:1      | Found a shimmering altar of Xom.
   191 | D:1      | Reached XP level 2. HP: 13/29 MP: 2/2
   766 | D:2      | Reached XP level 3. HP: 9/36 MP: 3/3
   835 | D:2      | HP: 1/36 [poisoned by an adder]
   838 | D:2      | Paralysed by a potion of paralysis for 7 turns
  1207 | D:2      | Reached skill level 5 in Throwing
  1371 | D:2      | Noticed Ijyb
  1380 | D:2      | Killed Ijyb
  1704 | D:3      | Reached XP level 4. HP: 44/44 MP: 4/4
  2222 | D:3      | Reached skill level 5 in Maces & Flails
  2366 | D:3      | Reached XP level 5. HP: 47/50 MP: 5/5
  2412 | D:3      | HP: 2/75 [something (4)]
  2414 | D:3      | Slain by an orc

Action                   |  1- 3 |  4- 6 || total
-------------------------+-------+-------++-------
Melee: Club              |    34 |       ||    34
       Mace              |    59 |    85 ||   144
Throw: Large rock        |     7 |     3 ||    10
  Use: Potion            |     2 |     1 ||     3
